 Dungeon Crawl Stone Soup version 0.22.1-6-g1668fe2 (webtiles) character file.

1402 RoboWizard the Basher (level 8, -3/70 HPs)
             Began as a Minotaur Fighter on Jan 19, 2019.
             Was an Initiate of Makhleb.
             Slain by a two-headed ogre
             ... wielding a +0 giant club
              (21 damage)
             ... on level 6 of the Dungeon.
             The game lasted 00:14:23 (4067 turns).

RoboWizard the Basher (Minotaur Fighter)            Turns: 4067, Time: 00:14:24

Health: -3/70      AC: 10    Str: 21    XL:     8   Next: 42%
Magic:  7/7        EV:  7    Int:  6    God:    Makhleb [......]
Gold:   267        SH: 10    Dex: 11    Spells: 7/7 levels left

rFire    . . .     SeeInvis .   a - +0 flail
rCold    + . .     Gourm    .   c - +0 shield
rNeg     . . .     Faith    .   J - +0 chain mail
rPois    .         Spirit   .   (helmet restricted)
rElec    .         Reflect  .   (no cloak)
rCorr    .         Harm     .   (no gloves)
MR       .....                  (no boots)
Stlth    ..........             (no amulet)
HPRegen  0.21/turn              o - ring of protection from cold
MPRegen  0.10/turn              (no ring)

@: no status effects
A: retaliatory headbutt, horns 2
a: Renounce Religion


You were on level 6 of the Dungeon.
You worshipped Makhleb.
Makhleb was noncommittal.
You were not hungry.

You visited 1 branch of the dungeon, and saw 6 of its levels.
You also visited: Sewer.

You collected 267 gold pieces.

Inventory:

Hand Weapons
 a - a +0 flail (weapon)
 j - a +1 dagger of flaming
 n - a +1 hunting sling
 y - a +0 blowgun
 z - a +1 dagger of venom
Missiles
 e - 276 stones (quivered)
 i - 44 sling bullets
 w - 38 poisoned needles
 x - 4 tomahawks
 F - 3 javelins
Armour
 b - a +0 scale mail
 c - a +0 shield (worn)
 J - a +0 chain mail (worn)
Magical Staves
 K - an uncursed staff of cold {unknown}
Jewellery
 o - a ring of protection from cold (left hand)
Wands
 v - a wand of disintegration (11)
 A - a wand of random effects (19)
 E - a wand of acid (11)
Scrolls
 h - 7 scrolls of teleportation
 l - 7 scrolls of remove curse
 m - a scroll of enchant weapon
 t - a scroll of fear
 u - a scroll of random uselessness {unknown}
 B - a scroll of magic mapping {unknown}
 I - a scroll of blinking {unknown}
 L - a scroll of enchant armour {unknown}
 M - a scroll of fog {unknown}
Potions
 d - a potion of might
 k - 3 potions of heal wounds
 p - 2 potions of curing
 q - 2 potions of lignification
 r - a potion of agility {unknown}
 C - a potion of magic {unknown}
 D - a potion of mutation {unknown}
 G - 2 potions of haste {unknown}
 H - a potion of brilliance {unknown}
Comestibles
 f - 11 rations
 g - 2 chunks of flesh


   Skills:
 + Level 5.8 Fighting
 + Level 8.3 Maces & Flails
 + Level 6.4 Armour
 + Level 2.4 Dodging
 + Level 6.7 Shields


You had 7 spell levels left.
You didn't know any spells.
Your spell library contained the following spells:

 Spells                   Type           Power        Failure   Level  Hunger
 Magic Dart               Conj           #...         100%        1    ##.....
 Blink                    Tloc           N/A          100%        2    ###....
 Call Imp                 Summ           #.......     100%        2    ###....
 Slow                     Hex            #.......     100%        2    ###....
 Conjure Flame            Conj/Fire      #.......     100%        3    ####...
 Mephitic Cloud           Conj/Pois/Air  #.......     100%        3    ####...


Dungeon Overview and Level Annotations

Branches:
Dungeon (6/15)
 Temple: D:4-7

Altars:
Hepliaklqana
Makhleb
Sif Muna
The Shining One

Shops:
D:5 [


Innate Abilities, Weirdness & Mutations

You reflexively headbutt those who attack you in melee.
You have a pair of horns on your head.


Message History

* * * LOW HITPOINT WARNING * * *
You hit the two-headed ogre but do no damage.
The two-headed ogre is heavily wounded.
You block the two-headed ogre's attack. The two-headed ogre barely misses you.
You closely miss the two-headed ogre.
The two-headed ogre is heavily wounded.
A kobold comes into view.
You block the two-headed ogre's attack. x2
You barely miss the two-headed ogre.
The two-headed ogre is heavily wounded.
You sock the two-headed ogre!
You headbutt the two-headed ogre, but do no damage.
The two-headed ogre is severely wounded.
The two-headed ogre closely misses you. The two-headed ogre barely misses you.
You barely miss the two-headed ogre.
The two-headed ogre is severely wounded.
The two-headed ogre barely misses you. You furiously retaliate!
You headbutt the two-headed ogre, but do no damage.
The two-headed ogre hits you with a giant club!!
You die...

≈≈≈≈≈≈.≈.≈.≈.≈≈≈≈.
..................
...[.÷............
##.##.......#....#
#....####>.......
####.####..#.##.##
#...<#......K.
######...###O#
#.....#@#
#.#####.#
#...>...#
#########


You could see a two-headed ogre and a kobold.

Vanquished Creatures
  Grinder (D:4)
  An ogre (D:4)
  A phantom (D:4)
  A centaur (D:5)
  A crocodile (Sewer)
  2 scorpions (D:5)
  A water moccasin skeleton (D:6)
  3 hounds
  A bullfrog skeleton (D:5)
  A jelly (D:3)
  2 orc priests (D:4)
  4 orc wizards
  3 iguanas (D:5)
  Robin (D:4)
  7 gnolls
  7 adders
  3 river rats (D:3)
  A shadow imp (D:5)
  2 oozes
  2 adder skeletons (D:4)
  4 worms
  2 dart slugs
  2 leopard geckos (D:3)
  21 orcs
  6 giant cockroaches
  17 goblins
  12 hobgoblins
  12 jackals
  9 kobolds
  A quokka (D:5)
  A ball python (D:3)
  9 bats
  6 frilled lizards
  A jackal zombie (D:5)
  A leopard gecko skeleton (D:4)
  7 rats
  A fungus (D:1)
157 creatures vanquished.

Notes
Turn   | Place    | Note
-------+----------+-------------------------------------------
     0 | D:1      | RoboWizard the Minotaur Fighter began the quest for the
                  | Orb.
     0 | D:1      | Reached XP level 1. HP: 19/19 MP: 0/0
   229 | D:1      | Reached XP level 2. HP: 26/27 MP: 1/1
   660 | D:2      | Reached skill level 3 in Maces & Flails
   660 | D:2      | Reached XP level 3. HP: 28/33 MP: 2/2
  1209 | D:3      | Reached XP level 4. HP: 31/40 MP: 3/3
  1253 | D:3      | Found a hazy altar of Hepliaklqana.
  1339 | D:3      | Reached skill level 4 in Maces & Flails
  1456 | D:3      | Reached XP level 5. HP: 42/47 MP: 4/4
  1462 | D:3      | Found a glowing drain.
  1466 | Sewer    | Entered a sewer
  1527 | Sewer    | Noticed a crocodile
  1538 | Sewer    | Killed a crocodile
  1538 | Sewer    | Reached skill level 5 in Shields
  1720 | D:3      | Reached skill level 5 in Maces & Flails
  1748 | D:3      | Reached XP level 6. HP: 31/53 MP: 5/5
  2398 | D:4      | Noticed Grinder
  2415 | D:4      | Killed Grinder
  2415 | D:4      | Reached skill level 6 in Maces & Flails
  2415 | D:4      | Reached skill level 5 in Armour
  2415 | D:4      | Reached skill level 1 in Dodging
  2415 | D:4      | Reached XP level 7. HP: 34/60 MP: 6/6
  2436 | D:4      | HP: 2/60 [orc (2)]
  2475 | D:4      | Reached skill level 5 in Fighting
  2781 | D:4      | Noticed Robin
  2785 | D:4      | Killed Robin
  2802 | D:4      | Reached skill level 7 in Maces & Flails
  3274 | D:4      | Found a deep blue altar of Sif Muna.
  3413 | D:5      | Entered Level 5 of the Dungeon
  3421 | D:5      | Reached XP level 8. HP: 64/69 MP: 7/7
  3488 | D:5      | Found Naaptof's Armour Emporium.
  3762 | D:5      | Found a burning altar of Makhleb.
  3777 | D:5      | Became a worshipper of Makhleb the Destroyer
  3847 | D:5      | Reached skill level 8 in Maces & Flails
  3973 | D:5      | Found a glowing golden altar of the Shining One.
  4055 | D:6      | Noticed a two-headed ogre
  4067 | D:6      | Slain by a two-headed ogre

Skill      XL: |  1  2  3  4  5  6  7  8 |
---------------+-------------------------+-----
Shields        | 4 5 6 |  6.7
Armour         | 4 5 6 |  6.4
Fighting       | 4 5 |  5.8
Maces & Flails | 3 4 5 6 7 8 |  8.3
Dodging        | 1 2 |  2.4

Action                   |  1- 3 |  4- 6 |  7- 9 || total
-------------------------+-------+-------+-------++-------
Melee: Flail             |   122 |   159 |   216 ||   497
       Headbutt          |    19 |    23 |    46 ||    88
 Fire: Hunting sling     |       |     2 |       ||     2
  Use: Scroll            |       |     2 |     5 ||     7
       Potion            |       |     1 |       ||     1
  Eat: Chunk             |     1 |     4 |     6 ||    11
Armor: Scale mail        |    41 |    52 |    51 ||   144
       Chain mail        |       |       |    38 ||    38
Dodge: Dodged            |    26 |    39 |    55 ||   120
Block: Shield            |    67 |    81 |   107 ||   255
